AoeStats
← KootH.

QS Arena

503055155Analyzed
4v4 RM · 1mo ago on Aug 30, 2026· 21m 18s· 8 players
Game mode
Random Map
Map size
Large (8 player)
Population
200
Speed
Normal
Resources
Standard
Victory
Conquest
Starting age
Dark Age
Ending age
Imperial Age
RankedLock teamsTeams togetherTeam positionsShared explorationLock speedFull tech treeHidden civsTurbo modeCheats
Victory
Defeat
🇦🇷 Lithuanians · Argentina
1925
+2
🇸🇻 Vietnamese · El Salvador
1650
+9
🇦🇷 Wei · Argentina
1640
+10
🇨🇴 Magyars · Colombia
1471
+17
🇺🇸 Bulgarians · United States
1573
-12
🇨🇳 Malians · China
1517
-9
🇺🇸 Gurjaras · United States
1464
-7
🇦🇺 Berbers · Australia
1428
-6
KootH.
7:32 Feudal Age
11:47 Castle Age
9:41 Double-Bit Axe
10:09 Horse Collar
12:47 Bow Saw
12:57 Loom
16:23 Heavy Plow
18:22 Wheelbarrow
HousedAt15
8:41 Feudal Age
12:19 Castle Age
10:32 Double-Bit Axe
10:39 Horse Collar
13:47 Wheelbarrow
17:34 Hand Cart
18:17 Bow Saw
20:13 Scale Mail Armor
Fish
8:02 Feudal Age
12:26 Castle Age
10:27 Double-Bit Axe
10:53 Horse Collar
13:22 Bow Saw
19:06 Wheelbarrow
19:52 Loom
21:03 Hand Cart
VNS_Duy
7:59 Feudal Age
12:14 Castle Age
10:25 Double-Bit Axe
10:47 Horse Collar
11:40 Gold Mining
13:22 Wheelbarrow
14:06 Bow Saw
19:41 Stone Mining
21:53 Stone Shaft Mining
21:54 Gold Shaft Mining
21:40 Hand Cart
josh2bnow
8:40 Feudal Age
9:26 Loom
12:16 Castle Age
12:11 Double-Bit Axe
12:07 Horse Collar
14:33 Bow Saw
14:28 Heavy Plow
18:52 Wheelbarrow
20:12 Hand Cart
YOGRANNYCANTSCRAP
7:43 Feudal Age
11:25 Castle Age
11:26 Double-Bit Axe
11:40 Gold Mining
14:35 Town Watch
uchida_inori
9:26 Feudal Age
13:22 Castle Age
11:13 Double-Bit Axe
11:09 Horse Collar
14:35 Bow Saw
14:26 Heavy Plow
20:59 Wheelbarrow
20:51 Loom
21:16 Gold Mining
21:17 Stone Mining
Soma
9:20 Feudal Age
13:19 Castle Age
14:45 Double-Bit Axe
14:41 Horse Collar
17:44 Wheelbarrow
21:29 Gold Mining
Connection lost

Rejoining the realm…

Still unreachable

The connection could not be restored.

Session expired

The server has moved on; the page needs a fresh start.